 Dungeon Crawl Stone Soup version 0.30-a0-964-gd452b5e7fa (webtiles) character file.

Game seed: 16745328197972302377

8 vishdafish the Conjurer (level 2, 8/19 HPs)
             Began as a Demonspawn Conjurer on Mar 30, 2023.
             Quit the game on level 1 of the Dungeon.
             The game lasted 00:00:21 (244 turns).

vishdafish the Conjurer (Demonspawn Conjurer)        Turns: 244, Time: 00:00:21

Health: 8/19       AC:  2    Str:  7    XL:     2   Next: 0%
Magic:  1/5        EV: 12    Int: 19    God:
Gold:   0          SH:  0    Dex: 11    Spells: 4/5 levels left

rFire   . . .      SeeInvis .    h - +0 whip
rCold   . . .      Faith    .    (no shield)
rNeg    . . .      Spirit   .    a - +0 robe
rPois   .          Reflect  .    (no helmet)
rElec   .          Rampage  .    (no cloak)
rCorr   .                        (no gloves)
Will    .....                    (no boots)
Stlth   ++                       (no amulet)
HPRegen 0.23/turn                (no ring)
MPRegen 0.09/turn                (no ring)

@: no status effects
A: spiny 1
a: no special abilities


You were on level 1 of the Dungeon.
You visited 1 branch of the dungeon, and saw 1 of its levels.

Inventory:

Hand Weapons
 h - a +0 whip (weapon)
Armour
 a - a +0 robe (worn)
Jewellery
 d - an amulet of faith
Scrolls
 c - 2 scrolls of identify {unknown}
 e - a scroll of immolation {unknown}
Potions
 b - a potion of magic
 f - a potion of cancellation {unknown}
 g - a potion of invisibility {unknown}


   Skills:
 - Level 1.7 Dodging
 - Level 1.7 Stealth
 + Level 2.3 Spellcasting
 + Level 4.2 Conjurations


You had 4 spell levels left.
You knew the following spells:

 Your Spells              Type           Power      Damage    Failure   Level
a - Magic Dart            Conj           72%        1d6       3%          1

Your spell library contained the following spells:

 Spells                   Type           Power      Damage    Failure   Level
 Searing Ray              Conj           36%        2d5       4%          2
 Dazzling Flash           Conj/Hex       20%        N/A       21%         3
 Fulminant Prism          Conj/Hex       5%         3d7       56%         4
 Iskenderun's Mystic Bla  Conj/Tloc      10%        2d4       56%         4


Dungeon Overview and Level Annotations

Branches:
Dungeon (1/15)

Altars:


Innate Abilities, Weirdness & Mutations

You are partially covered in sharp spines.


Message History

A ball python comes into view.
The rat moves out of view.
There are monsters nearby!
There are monsters nearby!
The magic dart hits the bat.
You kill the bat!
The ball python hisses angrily.
The goblin shouts!
A quokka comes into view.
The magic dart hits the ball python.
You kill the ball python!
The magic dart hits the rat.
You kill the rat!
A dart slug comes into view.
You are out of magic!
You see here a +0 whip.
h - a +0 whip
h - a +0 whip (weapon)
You are out of magic!
You are out of magic!
You hit the dart slug.
The dart slug is lightly wounded.
The dart slug launches a dart at you. The slug dart hits you.
You hit the dart slug.
The dart slug is moderately wounded.
The quokka barely misses you.
You hit the dart slug.
The dart slug is heavily wounded.
The quokka barely misses you. The dart slug barely misses you.
The quokka bites you.
You hit the dart slug.
The dart slug is severely wounded.
The dart slug bites you. The quokka misses you.
You hit the dart slug.
You kill the dart slug!
The quokka bites you. The goblin hits you with a +0 dagger.
You have reached level 2!
Your demonic ancestry asserts itself...
Sharp spines emerge from parts of your body.
Are you sure you want to abandon this character and quit the game? (Confirm with "yes".)

.########.....#
.########.....###############
............................#
..#######.....#########.....#####
..# ###.....###### #..........
..# #............# #.....#####
..# #.###.######.# #.....# ..#
#.# #.# ####.########## ..#####.#
#.# #.@gg...# .....##.#
#.#..r####.......#
.###.##.###.#...# #.....#..
.)..........#.##. w##.....#
####.##.......# 8 g ..#.##
#.########.# ..g8 ..# # #.# .
.8.. .# #.# . #.$# .# #.#


You could see a quokka, a hobgoblin and a goblin.

Vanquished Creatures
  A dart slug (D:1)
  A hobgoblin (D:1)
  2 ball pythons (D:1)
  A bat (D:1)
  2 rats (D:1)
7 creatures vanquished.

Notes
Turn   | Place    | Note
-------+----------+-------------------------------------------
     0 | D:1      | vishdafish the Demonspawn Conjurer began the quest for the
                  | Orb.
     0 | D:1      | Reached XP level 1. HP: 13/13 MP: 3/3
   244 | D:1      | Gained mutation: You are partially covered in sharp spines.
                  | [demonic ancestry]
   244 | D:1      | Reached XP level 2. HP: 8/19 MP: 1/5
   244 | D:1      | Quit the game

Illustrated notes

Levels and vault maps discovered:
D:1:      dpeg_arrival_concentric_ovals, layout_loops_ring,
          shapermc_ecumenical_altar_petra, minmay_hexomino_c4

Action                     || total
---------------------------++-------
  Melee: Whip              ||     5
         Unarmed           ||     3
   Cast: Magic Dart        ||     8
  Dodge: Dodged            ||     5

Table legend: (Time is in decaauts)
 A = Elapsed time spent in this place.
 B = Non-inter-level travel time spent in this place.
 C = Inter-level travel time spent in this place.
 D = Time resting spent in this place.
 E = Time spent auto-exploring this place.
 F = Levels seen in this place.
 G = Mean time per level.
                   A        B        C        D        E       F      G
               +--------+--------+--------+--------+--------+-----+--------+
         Total |    244 |    244 |      0 |      0 |    201 |   1 |  244.0 |
       Dungeon |    244 |    244 |      0 |      0 |    201 |   1 |  244.0 |
               +--------+--------+--------+--------+--------+-----+--------+

Top non-repeatable levels by time:
     D:1: 244 daAuts
